 Dungeon Crawl Stone Soup version 0.27.1-33-g824d729ab1 (webtiles) character file.

Game seed: 1268997757009393669

156 spaced the Conjurer (level 5, -2/38 HPs)
             Began as a Draconian Conjurer on Nov 26, 2021.
             Slain by an ogre (10 damage)
             ... on level 4 of the Dungeon.
             The game lasted 00:10:45 (3386 turns).

spaced the Conjurer (Draconian Conjurer)            Turns: 3386, Time: 00:10:45

Health: -2/38      AC:  5    Str:  9    XL:     5   Next: 14%
Magic:  0/10       EV: 12    Int: 19    God:
Gold:   105        SH:  0    Dex: 16    Spells: 0/10 levels left

rFire    . . .     SeeInvis +   g - +1 falchion (vorpal)
rCold    . . .     Faith    .   (no shield)
rNeg     . . .     Spirit   .   (armour unavailable)
rPois    .         Reflect  .   (helmet restricted)
rElec    .         Harm     .   (no cloak)
rCorr    .         Rampage  .   (no gloves)
Will     .....                  (no boots)
Stlth    ++........             (no amulet)
HPRegen  0.12/turn              i - +6 ring of dexterity
MPRegen  0.12/turn              m - ring of see invisible

@: no status effects
A: AC +5, unfitting armour, cold-blooded
a: no special abilities


You were on level 4 of the Dungeon.
You visited 1 branch of the dungeon, and saw 4 of its levels.

You collected 105 gold pieces.

Inventory:

Hand Weapons
 b - a +0 short sword
 d - a +0 war axe
 g - a +1 vorpal falchion (weapon)
Magical Staves
 j - a staff of fire
Jewellery
 i - a +6 ring of dexterity (left hand)
 m - a ring of see invisible (right hand)
Scrolls
 a - a scroll of noise {unknown}
 c - 2 scrolls of magic mapping {unknown}
 e - a scroll of fear {unknown}
 k - 3 scrolls of identify {unknown}
 l - a scroll of amnesia {unknown}
Potions
 f - a potion of flight {unknown}
 h - a potion of lignification {unknown}


   Skills:
 + Level 2.1 Dodging
 + Level 2.2 Stealth
 + Level 0.1 Unarmed Combat
 + Level 3.3 Spellcasting
 + Level 5.3 Conjurations


You couldn't memorise any spells.
You knew the following spells:

 Your Spells              Type           Power      Damage    Failure   Level
a - Magic Dart            Conj           92%        1d7       1%          1
b - Searing Ray           Conj           46%        3d4       2%          2
c - Stone Arrow           Conj/Erth      26%        3d8       14%         3
d - Fulminant Prism       Conj/Hex       6%         3d7       43%         4

Your spell library contained the following spells:

 Spells                   Type           Power      Damage    Failure   Level
 Dazzling Flash           Conj/Hex       26%        N/A       14%         3
 Hailstorm                Conj/Ice       13%        3d5       43%         4
 Iskenderun's Mystic Bla  Conj/Tloc      13%        2d5       43%         4
 Ice Form                 Ice/Tmut       3%         N/A       82%         4
 Simulacrum               Ice/Necr       1%         N/A       100%        6
 Lehudib's Crystal Spear  Conj/Erth      6%         10d3      100%        8
 Animate Armour           Summ/Erth      Unusable   N/A       N/A         4

Dungeon Overview and Level Annotations

Branches:
Dungeon (4/15)
 Temple: D:4-7

Altars:
Uskayaw

Annotations:
D:4 Ijyb


Innate Abilities, Weirdness & Mutations

Your plain brown scales are hard. (AC +5)
You cannot fit into any form of body armour.
You are cold-blooded and may be slowed by cold attacks.


Message History

Confirm with . or Enter, or press ? or * to list all spells.
Aiming: Magic Dart (safe; 1% risk of failure)
Press: ? - help, Shift-Dir - straight line, f/p - Ijyb
Aim: Ijyb, wielding a +0 club, wearing a +0 scale mail and carrying a wand of iceblast (4) (severely wounded, 100% to hit)
The magic dart hits Ijyb but does no damage.
Ijyb is severely wounded.
Ijyb closely misses you. The jackal bites you. The jackal closely misses you.
The jackal misses you.
You riposte.
You closely miss the jackal.
There is an open door here.
The jackal closely misses you.
You riposte.
You closely miss the jackal.
Casting: Magic Dart (safe; 1% risk of failure)
Confirm with . or Enter, or press ? or * to list all spells.
Aiming: Searing Ray (safe; 2% risk of failure)
Press: ? - help, Shift-Dir - straight line, f/p - Ijyb
Aim: Ijyb, wielding a +0 club, wearing a +0 scale mail and carrying a wand of iceblast (4) (heavily wounded, 75% to hit)
The searing ray hits the jackal!
You kill the jackal!
The searing ray hits the jackal.
You kill the jackal!
The searing ray hits Ijyb.
Ijyb is severely wounded. (Press . to maintain the ray.)
The searing ray hits Ijyb but does no damage.
Ijyb is severely wounded.
Ijyb zaps a wand.
The mass of ice explodes!
The iceblast engulfs you!
* * * LOW HITPOINT WARNING * * *
You hear a bark!
The searing ray hits Ijyb.
Ijyb is almost dead.
The searing ray hits the ogre.
The ogre is moderately wounded.
You closely miss Ijyb.
Ijyb is almost dead.
Ijyb hits you but does no damage.
You hit Ijyb. You tail-slap Ijyb, but do no damage.
Ijyb is almost dead.
Ijyb hits you but does no damage. The ogre hits you with a +0 giant club!
You die...

#.....#...#
K....
#.....#...#
....
#.....#...#
...
#.....#...#
..
#.....#...#
.
#.....#.O.#
#.....#...#
#.....#...#
#(..@g'...#
#....O#...#
#.....#####
#######


You could see an ogre and Ijyb.

Vanquished Creatures
  A scorpion (D:4)
  3 adders
  3 dart slugs
  An orc (D:3)
  4 ball pythons
  5 endoplasms
  4 giant cockroaches
  4 goblins
  6 hobgoblins
  3 jackals (D:4)
  8 kobolds
  3 quokkas (D:1)
  6 bats
  2 frilled lizards (D:2)
  3 rats
56 creatures vanquished.

Notes
Turn   | Place    | Note
-------+----------+-------------------------------------------
     0 | D:1      | spaced the Draconian Conjurer began the quest for the Orb.
     0 | D:1      | Reached XP level 1. HP: 14/14 MP: 3/3
   263 | D:1      | Reached XP level 2. HP: 20/20 MP: 3/5
   435 | D:1      | Learned a level 2 spell: Searing Ray
  1037 | D:1      | Reached XP level 3. HP: 26/26 MP: 1/6
  1097 | D:1      | Learned a level 3 spell: Stone Arrow
  1963 | D:2      | Reached XP level 4. HP: 33/33 MP: 2/8
  2120 | D:3      | Reached skill level 5 in Conjurations
  2974 | D:3      | Found a hide-covered altar of Uskayaw.
  3157 | D:4      | Noticed a scorpion
  3164 | D:4      | Killed a scorpion
  3165 | D:4      | Reached XP level 5. HP: 38/38 MP: 0/10
  3247 | D:4      | Learned a level 4 spell: Fulminant Prism
  3358 | D:4      | Noticed Ijyb
  3359 | D:4      | Noticed an ogre
  3386 | D:4      | Slain by an ogre

Illustrated notes

Levels and vault maps discovered:
D:1:      dpeg_arrival_erosion, layout_basic, serial_glass, glass_columns_a,
          glass_columns_b, glass_columns_a, glass_columns_c
D:2:      layout_basic
D:3:      layout_loops_corners, mainiacjoe_overflow_alcove_4
D:4:      layout_gridville, minmay_temple_entry_hall, kennysheep_big_empty_room,
          uniq_ijyb

Skill      XL: |  1  2  3  4 |
---------------+-------------+-----
Dodging        | 2 |  2.1
Conjurations   | 5 |  5.3
Spellcasting   | 3 |  3.3
Stealth        | 2 |  2.2
Unarmed Combat | |  0.1

Action                   |  1- 3 |  4- 6 || total
-------------------------+-------+-------++-------
Melee: Short sword       |    10 |       ||    10
       Unarmed           |     2 |       ||     2
       Falchion          |       |     3 ||     3
       Tailslap          |       |     2 ||     2
 Cast: Magic Dart        |    90 |    22 ||   112
       Searing Ray       |     1 |     5 ||     6
  Use: Potion            |     1 |       ||     1
 Stab: Sleeping          |     1 |       ||     1
Armor: Skin              |     5 |     5 ||    10
Dodge: Dodged            |    10 |     5 ||    15
       Rpst.: Falchion   |       |     3 ||     3
